 Dungeon Crawl Stone Soup version 0.29-a0-919-gd064cfad1c (webtiles) character file.

Game seed: 6698544359466496790

218 Hubjo the Trooper (level 5, -1/41 HPs)
             Began as a Demonspawn Transmuter on July 26, 2022.
             Was an Initiate of Ashenzari.
             Slain by a scorpion (4 damage)
             ... on level 4 of the Dungeon.
             The game lasted 00:04:06 (3217 turns).

Hubjo the Trooper (Demonspawn Transmuter)           Turns: 3217, Time: 00:04:06

Health: -1/41      AC:  3    Str: 17    XL:     5   Next: 63%
Magic:  9/9        EV: 12    Int: 16    God:    Ashenzari [......]
Gold:   91         SH:  5    Dex: 13    Spells: 9/10 levels left

rFire   . . .      SeeInvis .     - Unarmed
rCold   . . .      Faith    .   (no shield)
rNeg    . . .      Spirit   .   a - +1 robe
rPois   .          Reflect  +   (helmet currently unavailable)
rElec   .          Harm     .   (no cloak)
rCorr   .          Rampage  .   (no gloves)
Will    .....                   (boots currently unavailable)
Stlth   +.........              e - amulet of reflection
HPRegen 0.13/turn               h - +6 ring of strength
MPRegen 0.11/turn               (no ring)

@: lethally poisoned (-1 -> -12), appendages (expiring)
A: horns 2, talons 2, spiny 1
a: End Transformation, Renounce Religion, Curse Item


You were on level 4 of the Dungeon.
You worshipped Ashenzari.
Ashenzari was noncommittal.
You had temporarily grown beastly horns and talons.
You visited 1 branch of the dungeon, and saw 4 of its levels.

You collected 91 gold pieces.

Inventory:

Armour
 a - a +1 robe (worn)
Jewellery
 e - an amulet of reflection (around neck)
 h - a +6 ring of strength (left hand)
Wands
 m - a wand of mindburst (27)
Scrolls
 d - a scroll of fear
 g - a scroll of acquirement {unknown}
 j - a scroll of enchant armour
 k - a scroll of teleportation {unknown}
 n - a scroll of identify {unknown}
 p - 2 scrolls of fog {unknown}
 q - a scroll of noise {unknown}
Potions
 b - a potion of lignification
 c - a potion of mutation {unknown}
 f - 2 potions of brilliance {unknown}
 i - 2 potions of heal wounds {unknown}
 l - 2 potions of curing {unknown}
 o - a potion of attraction {unknown}


   Skills:
 * Level 3.6 Fighting
 - Level 1.7 Dodging
 + Level 3.5 Unarmed Combat
 + Level 3.0 Spellcasting
 + Level 2.8 Transmutations


You had 9 spell levels left.
You knew the following spells:

 Your Spells              Type           Power      Damage    Failure   Level
a - Beastly Appendage     Tmut           22%        N/A       6%          1

Your spell library contained the following spells:

 Spells                   Type           Power      Damage    Failure   Level
 Wereblood                Tmut           11%        N/A       9%          2
 Spider Form              Tmut/Pois      6%         N/A       30%         3
 Ice Form                 Ice/Tmut       6%         N/A       71%         4


Dungeon Overview and Level Annotations

Branches:
Dungeon (4/15)
 Temple: D:4-7

Altars:
Ashenzari
Nemelex Xobeh


Innate Abilities, Weirdness & Mutations

You have temporarily grown beastly horns and talons.
You are partially covered in sharp spines.


Message History

There is an open door here.
The helpless scorpion fails to defend itself.
You punch the scorpion! Your headbutt misses the scorpion.
The scorpion is heavily wounded.
The scorpion stings you.
You are poisoned.
The scorpion poisons you!
You barely miss the scorpion. You claw the scorpion.
The scorpion is heavily wounded.
You feel very sick.
The orc shouts!
You block the scorpion's attack.
You closely miss the scorpion. You headbutt the scorpion.
The scorpion is severely wounded.
You feel sick. The scorpion stings you. The orc hits you with a +0 whip.
You barely miss the scorpion. Your kick misses the scorpion.
The scorpion is severely wounded.
You feel sick. The scorpion is struck by your spines. The scorpion stings you.
You are too injured to fight recklessly!
You are too injured to fight recklessly!
You hit the scorpion but do no damage. Your kick misses the scorpion.
The scorpion is almost dead.
You feel sick. You block the scorpion's attack. The orc closely misses you.
You hit the scorpion but do no damage.
The scorpion is almost dead.
Your transformation is almost over.
The scorpion stings you.
* * * LOW HITPOINT WARNING * * *
You are lethally poisoned!
The scorpion poisons you! The orc is struck by your spines.
The orc closely misses you. You block the scorpion's attack.
You barely miss the scorpion.
You claw the scorpion, but do no damage.
The scorpion is almost dead.
* * * LOW HITPOINT WARNING * * *
You feel very sick. The orc hits you with a +0 whip.
* * * LOW HITPOINT WARNING * * *
The scorpion stings you.
You die...

#.....#
#.###....
#.....#
...#........
#.....#
...#......##
#.#####
....#.......#
#.#
.............#
#.# ####..
.........# #.#
#!..#
##.##....#
####.#####...#
... #....#
#........'@..#
# #.....
#.....####os.#
#####. #.....#
#...# #.
#.....# ###...
## #.....#
##... #
#.....# ...# #
####### ### #
##### #....


You could see a scorpion and an orc.

Vanquished Creatures
  A scorpion (D:4)
  A hound (D:4)
  Ijyb (D:3)
  5 adders
  A dart slug (D:2)
  6 bats
  4 endoplasms
  5 giant cockroaches
  4 goblins
  2 hobgoblins (D:1)
  6 jackals (D:2)
  5 kobolds
  2 quokkas (D:1)
  4 ball pythons
  2 frilled lizards (D:1)
  7 rats
56 creatures vanquished.

Notes
Turn   | Place    | Note
-------+----------+-------------------------------------------
     0 | D:1      | Hubjo the Demonspawn Transmuter began the quest for the
                  | Orb.
     0 | D:1      | Reached XP level 1. HP: 15/15 MP: 3/3
    46 | D:1      | Found a faded altar of an unknown god.
    80 | D:1      | Prayed at the altar of an unknown god.
    80 | D:1      | Became a worshipper of Ashenzari the Shackled
   206 | D:1      | Gained mutation: You are partially covered in sharp spines.
                  | [demonic ancestry]
   206 | D:1      | Reached XP level 2. HP: 20/21 MP: 3/5
   843 | D:1      | Reached XP level 3. HP: 26/27 MP: 3/6
  1550 | D:2      | Reached XP level 4. HP: 34/34 MP: 5/7
  2333 | D:3      | Found a sparkling altar of Nemelex Xobeh.
  2363 | D:3      | Noticed Ijyb
  2373 | D:3      | Killed Ijyb
  3061 | D:4      | Noticed a scorpion
  3070 | D:4      | Killed a scorpion
  3071 | D:4      | Reached XP level 5. HP: 40/41 MP: 7/9
  3217 | D:4      | Slain by a scorpion

Illustrated notes

Levels and vault maps discovered:
D:1:      psy_arrival_whirlpool, layout_basic, chequers_ecumenical_altar_island,
          minmay_tripent
D:2:      layout_basic, basic_altar
D:3:      layout_loops_cross, mainiacjoe_overflow_six_doors_small,
          minmay_door_square, uniq_ijyb
D:4:      layout_basic

Skill      XL: |  1  2  3  4  5 |
---------------+----------------+-----
Transmutations | 2 |  2.8
Fighting       | 2 3 |  3.6
Unarmed Combat | 3 |  3.5
Spellcasting   | 3 |  3.0
Dodging        | |  1.7

Action                   |  1- 3 |  4- 6 || total
-------------------------+-------+-------++-------
Melee: Unarmed           |    70 |    54 ||   124
       Kick              |    16 |    13 ||    29
       Headbutt          |     6 |     9 ||    15
       Punch             |       |     2 ||     2
 Cast: Beastly Appendage |    27 |    19 ||    46
  Use: Scroll            |       |     2 ||     2
 Stab: Sleeping          |     3 |     1 ||     4
Armor: Robe              |    13 |     6 ||    19
Dodge: Dodged            |    29 |    24 ||    53
Block: Other             |     7 |    13 ||    20
       Reflection        |       |     2 ||     2

Table legend: (Time is in decaauts)
 A = Elapsed time spent in this place.
 B = Non-inter-level travel time spent in this place.
 C = Inter-level travel time spent in this place.
 D = Time resting spent in this place.
 E = Time spent auto-exploring this place.
 F = Levels seen in this place.
 G = Mean time per level.
                   A        B        C        D        E       F      G
               +--------+--------+--------+--------+--------+-----+--------+
         Total |   3218 |   3218 |      0 |      0 |   2766 |   4 |  804.5 |
       Dungeon |   3218 |   3218 |      0 |      0 |   2766 |   4 |  804.5 |
               +--------+--------+--------+--------+--------+-----+--------+

Top non-repeatable levels by time:
     D:1: 1188 daAuts
     D:2: 993 daAuts
     D:3: 827 daAuts
     D:4: 208 daAuts
